 Dungeon Crawl Stone Soup version 0.30-b1-2-g02819fbbbe (webtiles) character file.

Game seed: 4102230994332136674

445 sanka the Firebug (level 6, -7/33 HPs)
             Began as a Deep Elf Artificer on May 11, 2023.
             Was a Believer of Vehumet.
             Mangled by a gnoll
             ... wielding a +3 halberd of protection
             ... led by a gnoll bouda
              (10 damage)
             ... on level 6 of the Dungeon.
             The game lasted 00:09:41 (5297 turns).

sanka the Firebug (Deep Elf Artificer)              Turns: 5297, Time: 00:09:42

Health: -7/33      AC:  3    Str:  9    XL:     6   Next: 72%
Magic:  9/13       EV: 12    Int: 18    God:    Vehumet [**....]
Gold:   222        SH:  0    Dex: 15    Spells: 11/12 levels left

rFire   . . .        p - +0 quarterstaff
rCold   . . .        (shield currently unavailable)
rNeg    . . .        u - +0 robe
rPois   .            (no helmet)
rElec   .            (no cloak)
rCorr   .            t - +0 pair of gloves
SInv    .            (no boots)
Will    .....        (no amulet)
Stlth   ++           (no ring)
HPRegen 0.25/turn    (no ring)
MPRegen 0.13/turn

%: no passive effects
@: no status effects
A: no striking features
a: Renounce Religion


You were on level 6 of the Dungeon.
You worshipped Vehumet.
Vehumet was pleased with you.
You visited 1 branch of the dungeon, and saw 6 of its levels.

You collected 222 gold pieces.

Inventory:

Hand Weapons
 p - a +0 quarterstaff (weapon)
Armour
 t - a +0 pair of gloves (worn)
 u - a +0 robe (worn)
Wands
 b - a wand of mindburst (20)
 c - a wand of flame (10)
 d - a wand of charming (14)
 e - a wand of iceblast (5)
Scrolls
 a - 2 scrolls of enchant armour {unknown}
 h - 5 scrolls of teleportation {unknown}
 j - a scroll of poison {unknown}
 n - 8 scrolls of noise {unknown}
 o - 2 scrolls of amnesia {unknown}
 q - 2 scrolls of immolation {unknown}
 r - a scroll of magic mapping {unknown}
 s - a scroll of butterflies {unknown}
 w - a scroll of enchant weapon {unknown}
 x - 3 scrolls of identify {unknown}
 y - a scroll of torment {unknown}
 z - a scroll of fear {unknown}
Potions
 f - 4 potions of heal wounds {unknown}
 g - a potion of magic {unknown}
 i - 2 potions of cancellation {unknown}
 k - 2 potions of lignification {unknown}
 l - 2 potions of mutation {unknown}
 m - a potion of curing {unknown}
 v - a potion of ambrosia {unknown}
 A - a potion of degeneration {unknown}


   Skills:
 - Level 0.7 Fighting
 - Level 0.7 Armour
 - Level 2.4 Dodging
 - Level 1.2 Stealth
 + Level 3.8 Spellcasting
 * Level 4.6 Conjurations
 * Level 4.6 Fire Magic
 - Level 3.2 Evocations


You had 11 spell levels left.
You knew the following spells:

 Your Spells              Type           Power      Damage    Failure   Level
a - Foxfire               Conj/Fire      80%        2x1d8     2%          1

Your spell library contained the following spells:

 Spells                   Type           Power      Damage    Failure   Level
 Ignite Poison            Fire/Tmut/Pois 9%         N/A       24%         3
 Kiss of Death            Conj/Necr      44%        2d8       6%          1
 Freeze                   Ice            12%        1d3       16%         1
 Slow                     Hex            12%        N/A       16%         1
 Hailstorm                Conj/Ice       11%        3d5       17%         3
 Confusing Touch          Hex            3%         N/A       41%         3
 Frozen Ramparts          Ice            6%         1d1       41%         3
 Portal Projectile        Hex/Tloc       6%         N/A       41%         3
 Tukima's Dance           Hex            3%         N/A       41%         3
 Vampiric Draining        Necr           3%         2d6       41%         3
 Dispel Undead            Necr           3%         3d7       83%         4
 Blade Hands              Tmut           1%         N/A       99%         5


Dungeon Overview and Level Annotations

Branches:
Dungeon (6/15)             Temple (0/1) D:4

Altars:
Trog
Vehumet
Yredelemnul

Shops:
D:5 *

Annotations:
D:3 2 runed translucent doors, Suckerboh's ghost, amateur MiFi; Terence
D:4 1 exclusion


Message History

The gnoll is lightly wounded.
The foxfire hits the gnoll.
The gnoll is moderately wounded.
The foxfire hits the gnoll but does no damage.
The gnoll hits you from afar with a +0 spear.
The gnoll bouda barks out a call to the hunt!
The gnolls pick up the pace!
You conjure some foxfire!
The foxfire hits the gnoll.
The gnoll is heavily wounded.
The gnoll hits you with a +0 flail. The gnoll closely misses you.
The gnoll hits you from afar with a +0 spear.
The gnoll bouda gazes fiercely through you!
You feel your attacks grow feeble.
Unknown command.
You conjure some foxfire!
The foxfire hits the gnoll.
The gnoll is almost dead.
The foxfire hits the gnoll!
You kill the gnoll!
Vehumet accepts your kill.
The gnoll hits you from afar with a +3 halberd of protection!
Ouch! That really hurt!
* * * LOW HITPOINT WARNING * * *
The gnoll hits you with a +0 flail.
* * * LOW HITPOINT WARNING * * *
You are too injured to fight recklessly!
Unknown command.
The foxfire hits the gnoll.
The gnoll is moderately wounded.
The gnoll closely misses you.
Unknown command.
The gnoll attacks as you move away! The gnoll barely misses you.
You are too injured to fight recklessly!
Aiming: Charm
Press: ? - help, Shift-Dir - straight line, f - gnoll
Aim: a gnoll, wielding a +0 flail (moderately wounded, covering ground quickly, chance to affect: 66%)
The gnoll struggles to resist.
Your attacks no longer feel as feeble.
The gnoll misses you.
The gnoll hits you from afar with a +3 halberd of protection!
You die...

.. ##..
.....
#.....
####...##.
+.)g......
#.g.g....
#g##g####
#@# #.# #.#
# #.# #.
#.# ##.##
#.# ##
##...###
#.#
..##...>..#
#.#
....#...#.#
#.#


You could see a gnoll bouda and 2 gnolls.

Vanquished Creatures
  An ogre (D:5)
  3 hounds
  3 iguanas
  An orc wizard (D:4)
  5 gnolls
  3 adders
  4 dart slugs
  9 orcs
  6 endoplasms
  5 giant cockroaches
  8 hobgoblins
  3 quokkas
  8 ball pythons
  2 bats
  4 frilled lizards
  7 goblins
  7 kobolds
  4 rats
  A spectral hobgoblin (D:1)
84 creatures vanquished.

Vanquished Creatures (others)
  262 foxfires
262 creatures vanquished.

Grand Total: 346 creatures vanquished

Notes
Turn   | Place    | Note
-------+----------+-------------------------------------------
     0 | D:1      | sanka the Deep Elf Artificer began the quest for the Orb.
     0 | D:1      | Reached XP level 1. HP: 11/11 MP: 3/3
   380 | D:1      | Reached skill level 1 in Conjurations
   380 | D:1      | Reached skill level 1 in Fire Magic
   416 | D:1      | Found a faded altar of an unknown god.
   420 | D:1      | Reached XP level 2. HP: 16/16 MP: 5/5
   431 | D:1      | Prayed at the altar of an unknown god.
   431 | D:1      | Became a worshipper of Vehumet
   431 | D:1      | Reached * piety under Vehumet
   431 | D:1      | Offered knowledge of Foxfire by Vehumet.
   434 | D:1      | Learned a level 1 spell: Foxfire
   611 | D:1      | Reached skill level 1 in Spellcasting
  1539 | D:2      | Reached XP level 3. HP: 10/20 MP: 2/7
  2302 | D:3      | Offered knowledge of Sandblast by Vehumet.
  2377 | D:3      | Found a runed translucent door.
  2381 | D:3      | Noticed Suckerboh's ghost (amateur MiFi)
  2391 | D:3      | Reached ** piety under Vehumet
  2426 | D:3      | Noticed Terence
  2562 | D:3      | Reached XP level 4. HP: 24/24 MP: 2/9
  2687 | D:3      | Found a runed translucent door.
  3561 | D:4      | Reached XP level 5. HP: 7/28 MP: 4/10
  3662 | D:4      | Found a basalt altar of Yredelemnul.
  3879 | D:4      | Found a staircase to the Ecumenical Temple.
  4066 | D:4      | Offered knowledge of Ignite Poison by Vehumet.
  4392 | D:4      | Noticed a hornet
  4544 | D:5      | Entered Level 5 of the Dungeon
  4550 | D:5      | Found Kamag's Mass Market.
  4551 | D:5      | Identified the +7 plate armour of Integrity {Int+3}
  4616 | D:5      | Noticed an ogre
  4629 | D:5      | Killed an ogre
  4630 | D:5      | Reached XP level 6. HP: 18/33 MP: 6/13
  4699 | D:5      | Found a bloodstained altar of Trog.
  5297 | D:6      | Mangled by a gnoll

Illustrated notes

Levels and vault maps discovered:
D:1:      dpeg_arrival_central, layout_basic,
          dreamdust_ecumenical_altar_drowned_temple
D:2:      layout_loops_cross, grunt_decor_fettered
D:3:      layout_loops_ring, ebering_ghost_sewer_f, uniq_terence
D:4:      minmay_chambers_of_fours, layout_basic, mainiacjoe_overflow_catwalk,
          minmay_temple_entry_large_hall
D:5:      layout_rooms, bloody_trog, minmay_shop_mass
D:6:      layout_loops_corners

Skill      XL: |  1  2  3  4  5 |
---------------+----------------+-----
Conjurations   | 1 2 3 4 |  4.6
Fire Magic     | 1 2 3 4 |  4.6
Spellcasting   | 1 2 3 |  3.8
Fighting       | |  0.7
Armour         | |  0.7
Dodging        | |  2.4
Stealth        | |  1.2
Evocations     | |  3.2

Action                     |  1- 3 |  4- 6 || total
---------------------------+-------+-------++-------
  Melee: Club              |    43 |       ||    43
         Punch             |     1 |       ||     1
         Quarterstaff      |     2 |    27 ||    29
   Cast: Foxfire           |    63 |    92 ||   155
  Evoke: Wand              |     5 |     1 ||     6
   Stab: Sleeping          |     1 |     3 ||     4
 Armour: Leather armour    |    19 |     4 ||    23
         Robe              |       |     8 ||     8
  Dodge: Dodged            |    54 |    37 ||    91
